 Dungeon Crawl Stone Soup version 0.25.1-2-g60ff931df9 (webtiles) character file.

Game seed: 1260369905584445483

240 lepoulpe303 the Ruffian (level 5, -1/54 HPs)
             Began as a Troll Fighter on Sept 23, 2020.
             Engulfed by Ijyb's freezing vapour (27 damage)
             ... on level 3 of the Dungeon.
             The game lasted 00:04:47 (2779 turns).

lepoulpe303 the Ruffian (Troll Fighter)             Turns: 2779, Time: 00:04:48

Health: -1/54      AC:  6    Str: 25    XL:     5   Next: 79%
Magic:  4/4        EV: 10    Int:  4    God:
Gold:   146        SH:  0    Dex:  9    Spells: 4/4 levels left

rFire    . . .     SeeInvis .     - Unarmed
rCold    . . .     Gourm    +   (no shield)
rNeg     . . .     Faith    .   a - +0 robe
rPois    .         Spirit   .   (helmet restricted)
rElec    .         Reflect  .   (no cloak)
rCorr    .         Harm     .   (gloves unavailable)
MR       .....                  (boots unavailable)
Stlth    +.........             (no amulet)
HPRegen  0.58/turn              (no ring)
MPRegen  0.09/turn              (no ring)

@: confused
A: large, unfitting armour, claws 3, fast metabolism 3, gourmand, regeneration
1, shaggy fur 1, tough skin 3
a: no special abilities


You were on level 3 of the Dungeon.
You were completely stuffed.

You visited 1 branch of the dungeon, and saw 3 of its levels.

You collected 146 gold pieces.

Inventory:

Missiles
 Q - 166 stones (quivered)
Armour
 a - a +0 robe (worn)
 b - a +0 kite shield
Jewellery
 k - an uncursed amulet of reflection {unknown}
 l - an uncursed ring of fire {unknown}
Scrolls
 e - a scroll of random uselessness {unknown}
 h - a scroll of magic mapping {unknown}
 i - 2 scrolls of enchant armour {unknown}
 j - a scroll of immolation {unknown}
 m - 3 scrolls of identify {unknown}
 o - a scroll of fog {unknown}
 p - 2 scrolls of remove curse {unknown}
 q - a scroll of amnesia {unknown}
Potions
 d - a potion of might
 f - 3 potions of curing {unknown}
 g - a potion of degeneration {unknown}
Comestibles
 c - 9 rations


   Skills:
 * Level 3.7 Fighting
 + Level 1.8 Throwing
 + Level 3.1 Dodging
 - Level 2.4 Shields
 * Level 3.9 Unarmed Combat


You had 4 spell levels left.
You didn't know any spells.
Your spell library was empty.

Dungeon Overview and Level Annotations

Branches:
Dungeon (3/15)

Altars:

Annotations:
D:3 Ijyb


Innate Abilities, Weirdness & Mutations

You are too large for most types of armour.
You have claws for hands.
Your metabolism is lightning-fast.
You like to eat raw meat.
Your natural rate of healing is unusually fast.
You are covered in fur. (AC +1)
You have extremely tough skin. (AC +3)


Message History

Ijyb creates a blast of noxious fumes!
Ijyb hits you but does no damage.
You barely miss Ijyb.
Ijyb screams, "It's all mine!"
Ijyb zaps a wand.
Ijyb creates a blast of noxious fumes!
You are engulfed in noxious fumes.
You choke on the stench!
You are confused.
* * * LOW HITPOINT WARNING * * *
Ijyb zaps a wand.
Ijyb creates a blast of freezing vapour!
You're too confused to move!
You are engulfed in noxious fumes.
You choke on the stench!
You are more confused.
Ijyb hits you.
* * * LOW HITPOINT WARNING * * *
You take 1 damage, and have 26/54 hp.
You are engulfed in freezing vapours.
Ouch! That really hurt!
You die...

.....# #.# #....#
.+#### #§# #....#
..#
#####§###########
..# #.§§§§§.....#
..# #.§§§§§§<^..#
##### ..#
#.§§§§§.....#
#.... ..#
#.§§☼§g.....#
#.... ###
#.§§§§§.....#
#....
####§§@§....#
###'# #§§§§....#
#.# #§§§§§...#
#.# ##########
#.# #.# #.# #.#
#.# #.#


You could see Ijyb.

Levels and vault maps discovered:
D:1:      sevenhm_arrival_forest_fort_small_5, layout_loops_cross,
          serial_forest, infiniplex_forest_lined_2, infiniplex_forest_clump_C,
          infiniplex_forest_clump_curved, infiniplex_forest_lined_1,
          item_on_display_a
D:2:      layout_basic, first_ration, corner_web_ring, minmay_cupped
D:3:      layout_basic, nrook_campfire, minmay_misc_feat_encased, uniq_ijyb

Notes
Turn   | Place    | Note
-------+----------+-------------------------------------------
     0 | D:1      | lepoulpe303 the Troll Fighter began the quest for the Orb.
     0 | D:1      | Reached XP level 1. HP: 22/22 MP: 0/0
   336 | D:1      | Reached XP level 2. HP: 29/29 MP: 1/1
   373 | D:1      | Identified a +1 whip of freezing
   538 | D:1      | Identified a +0 whip
   617 | D:1      | Identified a +0 short sword
   706 | D:1      | Identified a +1 dagger of venom
   867 | D:2      | Reached XP level 3. HP: 36/36 MP: 2/2
   946 | D:2      | Reached skill level 3 in Fighting
  1011 | D:2      | Identified a +0 club
  1192 | D:2      | Reached skill level 1 in Throwing
  1364 | D:2      | Reached XP level 4. HP: 45/45 MP: 3/3
  1422 | D:2      | Reached skill level 3 in Unarmed Combat
  1432 | D:2      | Identified a +0 short sword
  1447 | D:2      | Identified a +0 dagger
  1659 | D:2      | Identified a +0 dagger
  1995 | D:3      | Identified a +0 club
  1995 | D:3      | Identified a +0 flail
  1996 | D:3      | Identified a +2 short sword of holy wrath
  1996 | D:3      | Identified a +0 ring mail
  1996 | D:3      | Identified a +0 dagger
  1996 | D:3      | Identified a +0 robe
  1997 | D:3      | Identified a +0 club
  2120 | D:3      | Reached XP level 5. HP: 53/53 MP: 4/4
  2329 | D:3      | Reached skill level 3 in Dodging
  2398 | D:3      | Identified a +0 dagger
  2398 | D:3      | Identified a +0 robe
  2398 | D:3      | Identified a +0 dagger
  2398 | D:3      | Identified a +0 dagger
  2398 | D:3      | Identified a +0 robe
  2398 | D:3      | Identified a +0 scale mail
  2398 | D:3      | Identified a +0 whip
  2500 | D:3      | Identified a +0 club
  2513 | D:3      | Identified a +0 short sword
  2513 | D:3      | Identified a +0 leather armour
  2765 | D:3      | Identified a +0 leather armour
  2765 | D:3      | Noticed Ijyb
  2779 | D:3      | Engulfed by Ijyb's freezing vapour

Table legend:
 A = Turns spent in this place as a percentage of turns spent in the entire game.
 B = Non-inter-level travel turns spent in this place as a percentage of non-inter-level travel turns spent in the entire game.
 C = Inter-level travel turns spent in this place as a percentage of turns spent in this place.
 D = Turns resting spent in this place as a percentage of non-inter-level travel turns spent in this place.
 E = Turns spent auto-exploring this place as a percentage of non-inter-level travel turns spent in this place.
 F = Non-inter-level travel turns spent in this place divided by the number of levels of this place that you've seen.
                   A       B       C       D       E      F
               +-------+-------+-------+-------+-------+----------------------
         Total | 100.0 | 100.0 |   1.1 |   5.7 |  75.6 | 916.3
       Dungeon | 100.0 | 100.0 |   1.1 |   5.7 |  75.6 | 916.3
               +-------+-------+-------+-------+-------+----------------------

Table legend:
 A = Kills in this place as a percentage of kills in entire the game.
 B = Kills by you in this place as a percentage of kills by you in the entire game.
 C = Kills by friends in this place as a percentage of kills by friends in the entire game.
 D = Other kills in this place as a percentage of other kills in the entire game.
 E = Experience gained in this place as a percentage of experience gained in the entire game.
 F = Experience gained in this place divided by the number of levels of this place that you have seen.
                   A       B       C       D       E      F
               +-------+-------+-------+-------+-------+----------------------
         Total | 100.0 | 100.0 |   N/A |   N/A | 100.0 | 114.3
       Dungeon | 100.0 | 100.0 |   N/A |   N/A | 100.0 | 114.3
               +-------+-------+-------+-------+-------+----------------------

Skill      XL: |  1  2  3  4  5 |
---------------+----------------+-----
Fighting       | 3 |  3.7
Throwing       | 1 |  1.8
Unarmed Combat | 3 |  3.9
Dodging        | 3 |  3.1
Shields        | |  2.4

Action                   |  1- 3 |  4- 6 || total
-------------------------+-------+-------++-------
Melee: Unarmed           |   122 |    79 ||   201
       Punch             |     1 |     2 ||     3
Throw: Stone             |    72 |   106 ||   178
  Eat: Chunk             |    18 |    13 ||    31
Armor: Robe              |    68 |    27 ||    95
Dodge: Dodged            |    68 |    24 ||    92

Vanquished Creatures
  A jelly (D:3)
  3 orc wizards (D:3)
  3 adders (D:2)
  3 oozes
  2 worms (D:2)
  2 dart slugs
  2 leopard geckos
  7 orcs (D:3)
  8 bats
  4 giant cockroaches
  3 goblins
  5 hobgoblins
  4 jackals
  2 quokkas
  5 frilled lizards
  10 kobolds
  A quokka zombie (D:3)
  7 rats
72 creatures vanquished.
